 Dungeon Crawl Stone Soup version 0.28.0-53-g5a82cb258f (webtiles) character file.

Game seed: 17322611287304358112

404 Plasmagod the Cudgeller (level 4, -2/29 HPs)
             Began as a Gargoyle Monk on July 15, 2022.
             Was a Believer of Ru.
             Slain by Duvessa
             ... wielding a +0 rapier
              (18 damage)
             ... on level 4 of the Dungeon.
             The game lasted 00:14:37 (4019 turns).

Plasmagod the Cudgeller (Gargoyle Monk)             Turns: 4019, Time: 00:14:37

Health: -2/29      AC:  9    Str: 16    XL:     4   Next: 86%
Magic:  4/4        EV: 12    Int: 11    God:    Ru [**....]
Gold:   148        SH:  0    Dex: 12    Spells: 3/3 levels left

rFire   . . .      SeeInvis .   k - +4 club (spect)
rCold   . . .      Faith    .   (no shield)
rNeg    + . .      Spirit   .   b - +3 leather armour
rPois   ∞          Reflect  .   (no helmet)
rElec   +          Harm     .   (no cloak)
rCorr   .          Rampage  .   (no gloves)
Will    .....                   (no boots)
Stlth   ++........              (no amulet)
HPRegen 0.09/turn               (no ring)
MPRegen 0.09/turn               (no ring)

@: flying
A: sickness immunity, AC +3, negative energy resistance 1, electricity
resistance, torment resistance 1, petrification resistance, inexperienced 1
a: Renounce Religion


You were on level 4 of the Dungeon.
You worshipped Ru.
Ru was pleased with you.
You visited 2 branches of the dungeon, and saw 5 of its levels.

You collected 148 gold pieces.

Inventory:

Hand Weapons
 h - a +0 mace of holy wrath
 k - a +4 spectral club (weapon)
Missiles
 e - 67 bolts
 n - 59 arrows
Armour
 b - a +3 leather armour (worn)
Jewellery
 g - a +4 ring of evasion
 j - a ring of protection from fire
Wands
 a - a wand of iceblast (11)
 s - a wand of digging (7)
Scrolls
 c - a scroll of vulnerability {unknown}
 d - a scroll of identify {unknown}
 f - a scroll of silence {unknown}
 i - 2 scrolls of teleportation {unknown}
 l - a scroll of magic mapping {unknown}
Potions
 o - 2 potions of curing
 p - a potion of might {unknown}
 q - a potion of berserk rage {unknown}


   Skills:
 + Level 4.3 Fighting
 + Level 5.2 Maces & Flails
 + Level 0.8 Throwing
 + Level 2.4 Armour
 + Level 3.3 Dodging
 + Level 3.5 Stealth


You had 3 spell levels left.
You didn't know any spells.
Your spell library contained the following spells:

 Spells                   Type           Power      Damage    Failure   Level
 Freeze                   Ice            0%         1d3       38%         1
 Sandblast                Erth           0%         2d4       38%         1
 Shock                    Conj/Air       0%         1d3       38%         1
 Slow                     Hex            0%         N/A       38%         1
 Passwall                 Tmut/Erth      0%         N/A       54%         2
 Frozen Ramparts          Ice            0%         1d2       77%         3
 Stone Arrow              Conj/Erth      0%         3d7       77%         3
 Swiftness                Air            0%         N/A       77%         3
 Airstrike                Air            0%         N/A       99%         4
 Hailstorm                Conj/Ice       0%         3d3       99%         4


Dungeon Overview and Level Annotations

Branches:
Dungeon (4/15)             Temple (1/1) D:4

Altars:
Ashenzari
Cheibriados
Dithmenos
Fedhas
Kikubaaqudgha
Makhleb
Nemelex Xobeh
Okawaru
Ru
Sif Muna
Uskayaw
Wu Jian
Xom
Yredelemnul
The Shining One

Shops:
D:2 *

Annotations:
D:4 2 transporters, Duvessa; qipq's ghost, novice OpFi


Innate Abilities, Weirdness & Mutations

You are immune to sickness and miasma.
Your stone body is resilient. (AC +3)
You are immune to poison.
You resist negative energy. (rN+)
You are resistant to electric shocks. (rElec)
You are resistant to unholy torment.
You are immune to petrification.
You are somewhat inexperienced. (-2 XL)


Message History

Dowan casts a spell.
Dowan blinks!
Throw: 3 javelins
Press: ? - help, Q - select action, (/) - cycle Shift-Dir - straight line, f - Dowan
Aim: Dowan, wielding a +0 dagger and wearing a +0 robe (48% to hit)
You throw a javelin. The javelin closely misses Dowan.
You redirect Dowan's attack!
Throw: 2 javelins
Press: ? - help, Q - select action, (/) - cycle Shift-Dir - straight line, f/p - Dowan
Aim: Dowan, wielding a +0 dagger and wearing a +0 robe (48% to hit)
You throw a javelin. The javelin closely misses Dowan.
Duvessa gestures with her weapon.
You closely miss Dowan.
Your +4 spectral club hits Dowan!
Dowan hits you with a +0 dagger.
You closely miss Dowan.
Dowan is heavily wounded.
Your +4 spectral club hits Dowan!
Dowan gestures at you while chanting. The puff of frost hits you.
Duvessa says, "When magic and the sword combine, nothing stands against them."
You hit Dowan.
Dowan is almost dead.
Your +4 spectral club hits Dowan!
You kill Dowan!
Duvessa screams, "No!
How DARE you!"
Duvessa goes berserk!
Duvessa barely misses your +4 spectral club.
Throw: javelin
Press: ? - help, Q - select action, (/) - cycle Shift-Dir - straight line, f - Duvessa
Aim: Duvessa, wielding a +0 rapier and wearing a +2 ring mail of fire resistance (berserk, 67% to hit)
You throw a javelin. The javelin pierces through Duvessa.
Duvessa is lightly wounded.
Duvessa rages.
Duvessa closely misses you.
It was a potion of flight.
You feel very buoyant.
You fly up into the air.
Duvessa hits you with a +0 rapier. Duvessa hits you with a +0 rapier!!
Ouch! That really hurt!
You die...

#####.##### ##.## #.#
#.# #.# #.# #.# ##'##
#.######### # ##...# #
#.........# ##.# ##.....
# #..######.# #.. ##
##...)..
.####......##.###.#...##
#.......
................@†$...>.
+.......
≈≈≈.#<..##.######e#...##
#....... ≈≈≈.......#.#
(# ## ##......
#≈≈..##.##.## (# ##.....
#≈≈.# #.#### .# ##...#
#≈≈. #.# .# ##+## #≈≈
#.# .. #.# .# #.# ##.##


You could see Duvessa (berserk).

Vanquished Creatures
  An ice beast (D:3)
  Dowan (D:4)
  A centaur zombie (D:3)
  A hound (D:2)
  Terence (D:3)
  Jessica (D:3)
  Ijyb (D:3)
  A hound skeleton (D:4)
  5 adders
  An adder skeleton (D:4)
  2 worms (D:2)
  2 dart slugs (D:3)
  2 orcs (D:3)
  4 endoplasms
  9 hobgoblins
  3 quokkas
  7 ball pythons
  10 bats
  5 frilled lizards
  7 goblins
  4 kobolds
  A quokka skeleton (D:4)
  3 rats
73 creatures vanquished.

Vanquished Creatures (others)
  2 plants (D:4)
2 creatures vanquished.

Grand Total: 75 creatures vanquished

Notes
Turn   | Place    | Note
-------+----------+-------------------------------------------
     0 | D:1      | Plasmagod the Gargoyle Monk began the quest for the Orb.
     0 | D:1      | Reached XP level 1. HP: 14/14 MP: 1/1
    98 | D:1      | Found a faded altar of an unknown god.
   413 | D:1      | Reached XP level 2. HP: 18/19 MP: 2/2
  1240 | D:2      | Reached XP level 3. HP: 23/23 MP: 3/3
  1242 | D:2      | Found Ewopit's Assorted Antiques.
  1569 | D:2      | Reached skill level 4 in Maces & Flails
  1569 | D:2      | Reached skill level 1 in Armour
  1569 | D:2      | Reached XP level 4. HP: 19/28 MP: 4/4
  2448 | D:3      | Reached XP level 5. HP: 22/32 MP: 5/5
  2556 | D:3      | Noticed Terence
  2556 | D:3      | Noticed an ice beast
  2993 | D:3      | Noticed Ijyb
  3025 | D:3      | Killed an ice beast
  3026 | D:3      | Reached XP level 6. HP: 9/38 MP: 6/6
  3172 | D:3      | Killed Terence
  3465 | D:3      | Killed Ijyb
  3466 | D:3      | Reached skill level 5 in Maces & Flails
  3605 | D:3      | Noticed Jessica
  3614 | D:3      | Killed Jessica
  3630 | D:3      | Got Jessica's Catalogue of the Oath
  3772 | D:4      | Found a staircase to the Ecumenical Temple.
  3779 | Temple   | Entered the Ecumenical Temple
  3786 | Temple   | Became a worshipper of Ru the Awakened
  3807 | D:4      | Gained mutation: You are somewhat inexperienced. (-2 XL)
                  | [Ru sacrifice]
  3807 | D:4      | Reached XP level 5. HP: 33/33 MP: 5/5
  3807 | D:4      | Reached XP level 4. HP: 29/29 MP: 4/4
  3807 | D:4      | Reached * piety under Ru
  3807 | D:4      | Reached ** piety under Ru
  3876 | D:4      | Found a transporter.
  3877 | D:4      | Identified the +6 halberd "Kusumn" {vamp, *Corrode Str+5
                  | Stlth+}
  3903 | D:4      | Noticed qipq's ghost (novice OpFi)
  3918 | D:4      | Found a transporter.
  4008 | D:4      | Noticed Dowan
  4010 | D:4      | Noticed Duvessa
  4017 | D:4      | Killed Dowan
  4019 | D:4      | Slain by Duvessa

Illustrated notes

Levels and vault maps discovered:
D:1:      mrwooster_arrival_statue_3, layout_loops_corners,
          hellmonk_ecumenical_altar_heavens_door
D:2:      layout_rooms, serial_shops, shop_fountains
D:3:      layout_rooms, kennysheep_jessica_study, uniq_terence, uniq_ijyb
D:4:      layout_loops_corners, minmay_temple_entry_sparse_star,
          gammafunk_ghost_gnarly_gnolls, uniq_duvessa
Temple:   nicolae_temple_no_exploring_needed

Skill      XL: |  1  2  3  4  5  6 |
---------------+-------------------+-----
Maces & Flails | 4 5 |  5.2
Armour         | 1 2 |  2.4
Stealth        | 3 |  3.5
Dodging        | 3 |  3.3
Fighting       | 4 |  4.3
Throwing       | |  0.8

Action                   |  1- 3 |  4- 6 || total
-------------------------+-------+-------++-------
Melee: Mace              |   116 |   139 ||   255
       Punch             |     1 |     2 ||     3
       Club              |       |    25 ||    25
Throw: Javelin           |       |    11 ||    11
Invok: Sacrifice Experie |       |     1 ||     1
  Use: Potion            |       |     3 ||     3
 Stab: Sleeping          |     6 |     2 ||     8
Armor: Leather armour    |    53 |    77 ||   130
Dodge: Dodged            |   100 |   132 ||   232
